 Dungeon Crawl Stone Soup version 0.17-a0-1450-g7e755d1 (webtiles) character file.

38 pulse the Skirmisher (level 3, -2/30 HPs)
             Began as a Formicid Berserker on June 30, 2015.
             Was a Believer of Trog.
             Slain by an adder (4 damage)
             ... on level 2 of the Dungeon.
             The game lasted 00:02:23 (1878 turns).

pulse the Skirmisher (Formicid Berserker)           Turns: 1878, Time: 00:02:24

Health: -2/30      AC:  2    Str: 22    XL:     3   Next: 65%
Magic:  3/3        EV: 12    Int: 11    God:    Trog [**....]
Gold:   51         SH:  0    Dex: 10    Spells: 0 memorised, 2 levels left

rFire  + . .     SeeInvis +     a - +0 hand axe
rCold  + . .     Clarity  .     b - +0 animal skin
rNeg   . . .     SustAt   .     (no shield)
rPois  +         Gourm    .     (helmet unavailable)
rElec  +         Spirit   .     (no cloak)
rCorr  +         Warding  .     (no gloves)
rMut   .         Stasis   +     (no boots)
MR     .....                    (no amulet)
Stlth  +.........               (no ring)
                                (no ring)

@: brilliant, lethally poisoned (-2 -> -16), resistant, flying, invisible, not
resistant to hostile enchantments, very unstealthy
A: permanent stasis, dig shafts and tunnels, four strong arms, antennae 3
a: Dig, Shaft Self, Burn Spellbooks, Trog's Hand, Renounce Religion


You were on level 2 of the Dungeon.
You worshipped Trog.
Trog was pleased with you.
You were not hungry.

You visited 1 branch of the dungeon, and saw 2 of its levels.

You collected 51 gold pieces.

Inventory:

Hand weapons
 a - a +0 hand axe (weapon)
Armour
 b - a +0 animal skin (worn)
 d - a +1 hat
Jewellery
 h - a +5 ring of evasion {unknown}
Scrolls
 i - a scroll of amnesia {unknown}
 j - a scroll of enchant weapon {unknown}
 k - a scroll of fog {unknown}
Potions
 f - a potion of brilliance
Comestibles
 c - a bread ration
 l - a chunk of flesh


   Skills:
 + Level 3.7 Fighting
 * Level 3.7 Axes
 + Level 2.3 Armour
 - Level 2.1 Dodging


You had 2 spell levels left.
You didn't know any spells.

Dungeon Overview and Level Annotations

Branches:
Dungeon (2/15)

Altars:
The Shining One


Innate Abilities, Weirdness & Mutations

You are under a permanent stasis effect.
You can dig through walls and to a lower floor.
Your four strong arms can wield two-handed weapons with a shield.
You have a pair of large antennae on your head (SInv).


Message History

You feel sick. The adder bites you.
* * * LOW HITPOINT WARNING * * *
You are more poisoned.
The adder poisons you!
Drink which item? (? for menu, Esc to quit)
It was a potion of brilliance.
You feel clever all of a sudden.
* * * LOW HITPOINT WARNING * * *
You feel sick. The adder closely misses you.
Drink which item? (? for menu, Esc to quit)
It was a potion of resistance.
You feel protected.
* * * LOW HITPOINT WARNING * * *
You feel sick. The adder barely misses you.
Drink which item? (? for menu, Esc to quit)
It was a potion of invisibility.
You fade into invisibility!
* * * LOW HITPOINT WARNING * * *
You feel sick. The adder bites you but does no damage. The adder bites you.
You die...

#.# #.# #. #.# #
.#######.###.# #
.#........... ##.
#..##.).....#
.#.####.#
#.##.#†#####
......S.#
#....#.# ##.#@##
##..###.#
#.....###.......#
#..##.......#####
..... ##.....##
...## ####### ##


You could see an adder.

Vanquished Creatures
  A worm (D:2)
  A giant gecko (D:1)
  A ball python (D:1)
  3 giant cockroaches
  7 hobgoblins (D:1)
  2 jackals (D:2)
  4 kobolds (D:1)
  6 bats
  2 giant newts (D:1)
  4 goblins
  3 rats
34 creatures vanquished.

Vanquished Creatures (others)
  5 toadstools (D:1)
5 creatures vanquished.

Grand Total: 39 creatures vanquished

Notes
Turn   | Place    | Note
--------------------------------------------------------------
     0 | D:1      | pulse the Formicid Berserker began the quest for the Orb.
     0 | D:1      | Reached XP level 1. HP: 18/18 MP: 1/1
    44 | D:1      | Reached XP level 2. HP: 13/24 MP: 2/2
  1141 | D:1      | Reached XP level 3. HP: 29/29 MP: 3/3
  1306 | D:1      | Acquired Trog's second power
  1816 | D:2      | Found a glowing golden altar of the Shining One.
  1878 | D:2      | Slain by an adder

Vault maps used:
D:1:      ldierk_walled_garden, st_stairs_8
D:2:      nicolae_overflow_hidden_temple, uniq_jessica, uniq_robin,
          uniq_crazy_yiuf_cottage, uniq_terence

Action                   || total
-------------------------++-------
Melee: Hand axe          ||   121
  Use: Potion            ||     4
  Eat: Chunk             ||     3
